San Jose Sharks vs Minnesota North Stars
Created - Thursday, February 26, 2026 at 09:39
Goals
|
| San Jose Sharks |
1 |
2 |
0 |
3 |
| Minnesota North Stars |
2 |
0 |
0 |
2 |
|
Shots
|
| San Jose Sharks |
16 |
7 |
10 |
33 |
| Minnesota North Stars |
19 |
12 |
6 |
37 |
|
1st period
1. San Jose Sharks , Morgan Geekie 18 (Owen Tippett 16, Morgan Frost 11) at 1:27
2. Minnesota North Stars , Valeri Nichushkin 7 (Brock Nelson 19, Niko Mikkola 4) at 8:32
3. Minnesota North Stars , Lawson Crouse 3 (Michael Rasmussen 1, Ivan Barbashev 7) at 19:37
Penalties :
William Eklund (MNS) for Interference (Minor) at 9:14, Matt Roy (MNS) for Slashing (Minor) at 15:23, Connor Murphy (SJS) for Hooking (Minor) at 19:40
2nd period
4. San Jose Sharks , Adam Henrique 6 (Owen Tippett 17) at 2:34
5. San Jose Sharks , Mattias Janmark 4 (Alexander Wennberg 21, Joel Edmundson 8) at 10:09 (PP)
Penalties :
Niko Mikkola (MNS) for High sticking (Minor) at 9:17
3rd period
No Goal
Penalties :
Neal Pionk (MNS) for Tripping (Minor) at 11:50
Goalie Stats
Adin Hill (SJS), 35 saves from 37 shots - (0.946), W, 14-8-2, 60:00 minutes
Logan Thompson (MNS), 30 saves from 33 shots - (0.909), L, 10-8-3, 59:42 minutes
Players Stats for San Jose Sharks
Player Name G A P +/- PIM S H SB GA TA FO MP PP MP PK MP
------------------------------------------------------------------------------------
Adam Henrique 1 0 1 2 0 2 2 1 0 1 6/15 20:21 3:08 1:04
Alexander Wennberg 0 1 1 -1 0 5 1 1 1 0 4/5 18:59 3:41 0:55
Andrew Copp 0 0 0 0 0 6 0 0 1 1 2/6 12:10 0:00 0:00
Anthony Beauvillier 0 0 0 -1 0 0 0 0 0 0 0/0 8:54 0:00 0:00
Connor Murphy 0 0 0 0 2 2 0 2 0 0 0/0 24:14 3:13 0:00
Ilya Mikheyev 0 0 0 -1 0 3 0 1 3 0 0/0 11:57 3:41 0:00
Jake Middleton 0 0 0 1 0 1 1 0 0 1 0/0 21:23 3:36 1:00
Joel Edmundson 0 1 1 0 0 1 1 0 0 0 0/0 25:16 3:13 1:01
Luke Glendening 0 0 0 -1 0 0 2 0 0 0 0/0 8:54 0:00 0:00
Marcus Pettersson 0 0 0 0 0 0 1 1 0 0 0/0 20:26 3:36 0:58
Mattias Janmark 1 0 1 -1 0 2 0 1 2 0 0/0 18:01 3:41 0:00
Mattias Samuelsson 0 0 0 0 0 0 0 1 0 0 0/0 14:18 0:00 0:00
Max Domi 0 0 0 0 0 2 2 0 1 0 0/1 12:33 0:00 0:00
Morgan Frost 0 1 1 -1 0 2 0 1 0 0 11/19 14:32 0:00 0:00
Morgan Geekie 1 0 1 1 0 3 1 1 0 0 0/1 18:45 3:08 0:55
Oliver Ekman-Larsson 0 0 0 0 0 0 0 0 0 1 0/0 15:17 0:00 0:59
Owen Tippett 0 2 2 2 0 3 2 1 2 0 0/0 19:50 3:08 1:04
Peyton Krebs 0 0 0 0 0 1 2 0 0 0 0/0 12:10 0:00 0:00
Players Stats for Minnesota North Stars
Player Name G A P +/- PIM S H SB GA TA FO MP PP MP PK MP
------------------------------------------------------------------------------------
Brock Nelson 0 1 1 -1 0 1 0 1 1 0 5/8 16:10 1:26 0:00
Erik Cernak 0 0 0 2 0 0 0 0 0 4 0/0 18:49 0:00 3:09
Frank Vatrano 0 0 0 0 0 3 1 1 0 0 0/2 16:33 0:00 3:20
Gustav Forsling 0 0 0 -1 0 2 0 2 0 1 0/0 21:12 0:26 3:23
Ivan Barbashev 0 1 1 0 0 2 1 0 1 0 0/0 7:42 0:00 0:00
Jack Hughes 0 0 0 0 0 2 0 1 0 0 0/0 14:46 0:33 0:00
Jonathan Marchessault 0 0 0 0 0 5 3 0 0 0 1/3 14:35 0:33 0:00
Kent Johnson 0 0 0 0 0 6 0 0 0 0 0/1 16:28 1:26 0:19
Lawson Crouse 1 0 1 0 0 2 0 0 0 0 0/0 8:34 0:00 0:00
Matt Roy 0 0 0 -1 2 0 2 1 0 2 0/0 19:11 1:33 0:14
Michael Rasmussen 0 1 1 0 0 1 1 1 0 0 2/2 12:28 0:00 3:23
Neal Pionk 0 0 0 -1 2 0 3 1 0 1 0/0 21:07 0:26 2:34
Niko Mikkola 0 1 1 2 2 0 0 2 0 1 0/0 19:31 0:00 3:07
Rasmus Dahlin 0 0 0 -1 0 2 4 1 0 0 0/0 20:15 1:33 1:11
Ryan Nugent-Hopkins 0 0 0 1 0 4 5 0 0 0 7/15 16:49 0:00 3:16
Valeri Nichushkin 1 0 1 0 0 3 0 0 0 0 0/0 17:16 1:26 0:00
William Eklund 0 0 0 0 2 1 1 0 1 0 0/0 13:27 0:00 0:00
William Karlsson 0 0 0 0 0 3 1 1 1 1 9/16 18:14 0:33 3:20
3 Stars
1 - Owen Tippett (SJS)
2 - Adam Henrique (SJS)
3 - Adin Hill (SJS)
Power Play
San Jose Sharks - 1 on 4 Attempt(s) - 25.00%
Minnesota North Stars - 0 on 1 Attempt(s) - 0.00%
Penalty Kill
San Jose Sharks - 1 on 1 Attempt(s) - 100.00%
- Score 0 goal in Penalty Kill
Minnesota North Stars - 3 on 4 Attempt(s) - 75.00%
- Score 0 goal in Penalty Kill
Team Stat
San Jose Sharks - Hits : 15 - Faceoff Wins : 23 - Blocked Shots : 11 - Penalty Minutes : 2
Minnesota North Stars - Hits : 22 - Faceoff Wins : 24 - Blocked Shots : 12 - Penalty Minutes : 8
Official
Referees : Chris Lee and Chris Rooney
Linesman : Ryan Gibbons and Jesse Marquis
Game Notes
No Game Note
Finance
Level 1 -- Attendance: 5530 (92.17%) -- Ticket Income $519,820
Level 2 -- Attendance: 4547 (90.94%) -- Ticket Income $254,632
Level 3 -- Attendance: 2945 (98.17%) -- Ticket Income $94,240
Level 4 -- Attendance: 4636 (92.72%) -- Ticket Income $101,992
Luxury Box -- Attendance: 780 (78.00%) -- Ticket Income $150,540
Game was played at the Met Center.
Total Attendance: 18438 (92.19%)
Total Ticket Income: $1,121,224
Other Income: $392,428
Total Income: $1,513,652
San Jose Sharks
5 vs 5 Forward
Center Left Wing Right Wing Time % Phy DF OF
1 Adam Henrique Owen Tippett Morgan Geekie 30 1 2 2
2 Morgan Frost Alexander Wennberg Mattias Janmark 30 1 2 2
3 Andrew Copp Peyton Krebs Max Domi 25 1 2 2
4 Luke Glendening Anthony Beauvillier Ilya Mikheyev 15 1 2 2
5 vs 5 Defense
Defense Defense Time % Phy DF OF
1 Joel Edmundson Connor Murphy 30 1 2 2
2 Jake Middleton Marcus Pettersson 30 1 2 2
3 Mattias Samuelsson Oliver Ekman-Larsson 25 1 2 2
4 Joel Edmundson Connor Murphy 15 1 2 2
PowerPlay Forward
Center Left Wing Right Wing Time % Phy DF OF
1 Adam Henrique Owen Tippett Morgan Geekie 50 1 2 2
2 Alexander Wennberg Ilya Mikheyev Mattias Janmark 50 1 2 2
PowerPlay Defense
Defense Defense Time % Phy DF OF
1 Joel Edmundson Connor Murphy 50 1 2 2
2 Jake Middleton Marcus Pettersson 50 1 2 2
Penalty Kill 4 Players Forward
Center Wing Time % Phy DF OF
1 Adam Henrique Owen Tippett 50 1 2 2
2 Alexander Wennberg Morgan Geekie 50 1 2 2
Penalty Kill 4 Players Defense
Defense Defense Time % Phy DF OF
1 Joel Edmundson Connor Murphy 50 1 2 2
2 Jake Middleton Marcus Pettersson 50 1 2 2
Penalty Kill - 3 Players Forward
Forward Time % Phy DF OF
1 Adam Henrique 50 1 2 2
2 Morgan Geekie 50 1 2 2
Penalty Kill - 3 Players Defense
Defense Defense Time % Phy DF OF
1 Joel Edmundson Connor Murphy 50 1 2 2
2 Jake Middleton Marcus Pettersson 50 1 2 2
4 vs 4 Forward
Center Wing Time % Phy DF OF
1 Adam Henrique Owen Tippett 50 1 2 2
2 Alexander Wennberg Morgan Geekie 50 1 2 2
4 vs 4 Defense
Defense Defense Time % Phy DF OF
1 Joel Edmundson Connor Murphy 50 1 2 2
2 Jake Middleton Marcus Pettersson 50 1 2 2
Last Minutes Offensive
Center Left Wing Right Wing Defense Defense
Morgan Geekie Owen Tippett Adam Henrique Joel Edmundson Connor Murphy
Last Minutes Defensive
Center Left Wing Right Wing Defense Defense
Morgan Geekie Owen Tippett Adam Henrique Joel Edmundson Connor Murphy
Goaltenders
Starting : Adin Hill
Backup : Jakub Dobes
Extra Forwards
Normal : Morgan Geekie, Max Domi, Owen Tippett - PP : Morgan Frost, Max Domi - PK : Andrew Copp
Extra Defensemen
Normal : Mattias Samuelsson, Oliver Ekman-Larsson, Jake Middleton - PP : Mattias Samuelsson - PK : Oliver Ekman-Larsson, Jake Middleton
Penalty Shots
Morgan Geekie, Owen Tippett, Alexander Wennberg, Adam Henrique, Morgan Frost
Scratches
Travis Boyd (Healthy), Zach Whitecloud (Healthy), Andre Burakovsky (Healthy)
Minnesota North Stars
5 vs 5 Forward
Center Left Wing Right Wing Time % Phy DF OF
1 Brock Nelson Jack Hughes William Eklund 30 0 1 4
2 Ryan Nugent-Hopkins Valeri Nichushkin Kent Johnson 30 0 1 4
3 William Karlsson Frank Vatrano Jonathan Marchessault 30 0 1 4
4 Michael Rasmussen Ivan Barbashev Lawson Crouse 10 0 4 1
5 vs 5 Defense
Defense Defense Time % Phy DF OF
1 Matt Roy Rasmus Dahlin 34 0 3 2
2 Gustav Forsling Neal Pionk 34 0 3 2
3 Erik Cernak Niko Mikkola 32 0 4 1
4 Matt Roy Rasmus Dahlin 0 1 2 2
PowerPlay Forward
Center Left Wing Right Wing Time % Phy DF OF
1 Brock Nelson Valeri Nichushkin Kent Johnson 50 0 0 5
2 William Karlsson Jack Hughes Jonathan Marchessault 50 0 0 5
PowerPlay Defense
Defense Defense Time % Phy DF OF
1 Matt Roy Rasmus Dahlin 50 0 2 3
2 Gustav Forsling Neal Pionk 50 0 2 3
Penalty Kill 4 Players Forward
Center Wing Time % Phy DF OF
1 Ryan Nugent-Hopkins Michael Rasmussen 50 0 5 0
2 William Karlsson Frank Vatrano 50 0 5 0
Penalty Kill 4 Players Defense
Defense Defense Time % Phy DF OF
1 Gustav Forsling Erik Cernak 50 0 5 0
2 Niko Mikkola Neal Pionk 50 0 5 0
Penalty Kill - 3 Players Forward
Forward Time % Phy DF OF
1 Ryan Nugent-Hopkins 50 0 5 0
2 William Karlsson 50 0 5 0
Penalty Kill - 3 Players Defense
Defense Defense Time % Phy DF OF
1 Gustav Forsling Erik Cernak 50 0 5 0
2 Niko Mikkola Neal Pionk 50 0 5 0
4 vs 4 Forward
Center Wing Time % Phy DF OF
1 Brock Nelson Jack Hughes 50 0 2 3
2 Ryan Nugent-Hopkins Jonathan Marchessault 50 0 2 3
4 vs 4 Defense
Defense Defense Time % Phy DF OF
1 Matt Roy Rasmus Dahlin 50 0 3 2
2 Gustav Forsling Neal Pionk 50 0 3 2
Last Minutes Offensive
Center Left Wing Right Wing Defense Defense
Brock Nelson Jack Hughes Valeri Nichushkin Matt Roy Rasmus Dahlin
Last Minutes Defensive
Center Left Wing Right Wing Defense Defense
William Karlsson Michael Rasmussen Ryan Nugent-Hopkins Matt Roy Erik Cernak
Goaltenders
Starting : Logan Thompson
Backup : Charlie Lindgren
Extra Forwards
Normal : William Karlsson, Jonathan Marchessault, Michael Rasmussen - PP : William Karlsson, Jonathan Marchessault - PK : William Karlsson
Extra Defensemen
Normal : Erik Cernak, Niko Mikkola, Gustav Forsling - PP : Erik Cernak - PK : Niko Mikkola, Gustav Forsling
Penalty Shots
Kent Johnson, Brock Nelson, Valeri Nichushkin, Ryan Nugent-Hopkins, William Eklund
Scratches
Dylan DeMelo (Healthy), Brandon Bussi (Healthy)
% Time on Ice - San Jose Sharks
Lines # - Real PCT - Wanted PCT - Time Play
Normal Forward
1 - 28% - 30% - 14:09
2 - 30% - 30% - 14:49
3 - 24% - 25% - 12:10
4 - 18% - 15% - 8:54
Normal Defense
1 - 28% - 30% - 14:01
2 - 32% - 30% - 15:52
3 - 28% - 25% - 14:12
4 - 12% - 15% - 5:57
PP Forward
1 - 46% - 50% - 3:08
2 - 54% - 50% - 3:41
PP Defense
1 - 47% - 50% - 3:13
2 - 53% - 50% - 3:36
PK Forward
1 - 54% - 50% - 1:04
2 - 46% - 50% - 0:55
PK Defense
1 - 51% - 50% - 1:01
2 - 49% - 50% - 0:58
PK3 Forward
1 - 0% - 50%
2 - 0% - 50%
PK3 Defense
1 - 0% - 50%
2 - 0% - 50%
44 Forward
1 - 0% - 50%
2 - 0% - 50%
44 Defense
1 - 0% - 50%
2 - 0% - 50%
Last Minute Offensive - 0:00
Last Minute Defensive - 1:10
Total
Forward - 60:00
Defense - 60:00
|
% Time on Ice - Minnesota North Stars
Lines # - Real PCT - Wanted PCT - Time Play
Normal Forward
1 - 28% - 30% - 14:02
2 - 31% - 30% - 15:37
3 - 25% - 30% - 12:44
4 - 15% - 10% - 7:42
Normal Defense
1 - 35% - 34% - 17:25
2 - 34% - 34% - 17:01
3 - 31% - 32% - 15:39
4 - 0% - 0% - 0:00
PP Forward
1 - 72% - 50% - 1:26
2 - 28% - 50% - 0:33
PP Defense
1 - 78% - 50% - 1:33
2 - 22% - 50% - 0:26
PK Forward
1 - 51% - 50% - 3:29
2 - 49% - 50% - 3:20
PK Defense
1 - 46% - 50% - 3:09
2 - 54% - 50% - 3:40
PK3 Forward
1 - 0% - 50%
2 - 0% - 50%
PK3 Defense
1 - 0% - 50%
2 - 0% - 50%
44 Forward
1 - 0% - 50%
2 - 0% - 50%
44 Defense
1 - 0% - 50%
2 - 0% - 50%
Last Minute Offensive - 1:07
Last Minute Defensive - 0:00
Total
Forward - 60:00
Defense - 60:00
|
Play-by-Play
1st period
0:01 of 1st period - Brock Nelson wins face-off versus Morgan Geekie in neutral zone.
0:10 of 1st period - Snap shot by William Eklund.
0:10 of 1st period - Stopped by Adin Hill with a rebound.
0:32 of 1st period - Slapshot by Kent Johnson.
0:32 of 1st period - Stopped by Adin Hill without a rebound.
0:33 of 1st period - Andrew Copp wins face-off versus William Karlsson in San Jose Sharks zone.
0:40 of 1st period - Snap shot by Max Domi.
0:40 of 1st period - Shot Misses the Net.
0:58 of 1st period - Neal Pionk is hit by Luke Glendening and loses puck.
1:09 of 1st period - Snap shot by Anthony Beauvillier.
1:09 of 1st period - Shot Blocked by Neal Pionk.
1:25 of 1st period - Wrist shot by Morgan Geekie.
1:25 of 1st period - Shot Blocked by Gustav Forsling.
1:27 of 1st period - Slapshot by Morgan Geekie.
1:27 of 1st period - Goal by Morgan Geekie - San Jose Sharks : 1 - Minnesota North Stars : 0.
1:28 of 1st period - Morgan Frost wins face-off versus Kent Johnson in neutral zone.
1:31 of 1st period - Snap shot by Morgan Frost.
1:31 of 1st period - Stopped by Logan Thompson without a rebound.
1:32 of 1st period - Ryan Nugent-Hopkins wins face-off versus Morgan Frost in Minnesota North Stars zone.
2:07 of 1st period - Wrist shot by Andrew Copp.
2:07 of 1st period - Stopped by Logan Thompson with a rebound.
2:09 of 1st period - Slapshot by Connor Murphy.
2:09 of 1st period - Shot Misses the Net.
2:43 of 1st period - Snap shot by Brock Nelson.
2:43 of 1st period - Stopped by Adin Hill without a rebound.
2:44 of 1st period - Adam Henrique wins face-off versus Brock Nelson in San Jose Sharks zone.
3:11 of 1st period - Matt Roy is hit by Adam Henrique and loses puck.
3:24 of 1st period - Snap shot by Owen Tippett.
3:24 of 1st period - Shot Misses the Net.
3:26 of 1st period - Snap shot by Adam Henrique.
3:26 of 1st period - Stopped by Logan Thompson with a rebound.
3:28 of 1st period - Wrist shot by Connor Murphy.
3:28 of 1st period - Stopped by Logan Thompson without a rebound.
3:29 of 1st period - Ryan Nugent-Hopkins wins face-off versus Morgan Frost in Minnesota North Stars zone.
3:36 of 1st period - Wrist shot by Kent Johnson.
3:36 of 1st period - Stopped by Adin Hill without a rebound.
3:37 of 1st period - Ryan Nugent-Hopkins wins face-off versus Morgan Frost in San Jose Sharks zone.
3:40 of 1st period - Snap shot by Kent Johnson.
3:40 of 1st period - Shot Misses the Net.
3:50 of 1st period - Wrist shot by Kent Johnson.
3:50 of 1st period - Stopped by Adin Hill with a rebound.
3:52 of 1st period - Snap shot by Valeri Nichushkin.
3:52 of 1st period - Shot Misses the Net.
3:54 of 1st period - Slapshot by Gustav Forsling.
3:54 of 1st period - Shot Blocked by Connor Murphy.
3:56 of 1st period - Slapshot by Gustav Forsling.
3:56 of 1st period - Shot Misses the Net.
3:58 of 1st period - Wrist shot by Gustav Forsling.
3:58 of 1st period - Stopped by Adin Hill without a rebound.
3:59 of 1st period - William Karlsson wins face-off versus Andrew Copp in San Jose Sharks zone.
5:12 of 1st period - Slapshot by Rasmus Dahlin.
5:12 of 1st period - Stopped by Adin Hill without a rebound.
5:13 of 1st period - William Karlsson wins face-off versus Andrew Copp in San Jose Sharks zone.
5:49 of 1st period - Snap shot by Ryan Nugent-Hopkins.
5:49 of 1st period - Shot Blocked by Morgan Frost.
6:01 of 1st period - Wrist shot by Lawson Crouse.
6:01 of 1st period - Shot Blocked by Alexander Wennberg.
6:09 of 1st period - Snap shot by Ivan Barbashev.
6:09 of 1st period - Stopped by Adin Hill with a rebound.
6:11 of 1st period - Wrist shot by Lawson Crouse.
6:11 of 1st period - Stopped by Adin Hill without a rebound.
6:12 of 1st period - Jonathan Marchessault wins face-off versus Andrew Copp in San Jose Sharks zone.
6:17 of 1st period - Snap shot by Frank Vatrano.
6:17 of 1st period - Stopped by Adin Hill without a rebound.
6:18 of 1st period - William Karlsson wins face-off versus Max Domi in San Jose Sharks zone.
6:21 of 1st period - Snap shot by Frank Vatrano.
6:21 of 1st period - Shot Blocked by Marcus Pettersson.
6:23 of 1st period - Snap shot by Gustav Forsling.
6:23 of 1st period - Shot Misses the Net.
6:25 of 1st period - Wrist shot by Jonathan Marchessault.
6:25 of 1st period - Deflect By Jake Middleton.
6:25 of 1st period - Stopped by Adin Hill with a rebound.
6:27 of 1st period - Wrist shot by Frank Vatrano.
6:27 of 1st period - Shot Misses the Net.
6:29 of 1st period - Slapshot by Gustav Forsling.
6:29 of 1st period - Stopped by Adin Hill with a rebound.
7:09 of 1st period - Wrist shot by Ilya Mikheyev.
7:09 of 1st period - Stopped by Logan Thompson with a rebound.
7:15 of 1st period - Snap shot by Anthony Beauvillier.
7:15 of 1st period - Shot Misses the Net.
7:47 of 1st period - Slapshot by Lawson Crouse.
7:47 of 1st period - Shot Misses the Net.
8:12 of 1st period - Snap shot by Morgan Geekie.
8:12 of 1st period - Shot Misses the Net.
8:32 of 1st period - Wrist shot by Valeri Nichushkin.
8:32 of 1st period - Goal by Valeri Nichushkin - San Jose Sharks : 1 - Minnesota North Stars : 1.
8:33 of 1st period - Morgan Frost wins face-off versus William Karlsson in neutral zone.
9:00 of 1st period - Connor Murphy is hit by Rasmus Dahlin and loses puck.
9:14 of 1st period - Minor Penalty to William Eklund for Interference.
9:15 of 1st period - Michael Rasmussen wins face-off versus Adam Henrique in Minnesota North Stars zone.
9:40 of 1st period - Jake Middleton is hit by Neal Pionk and loses puck.
10:05 of 1st period - Wrist shot by Morgan Geekie.
10:05 of 1st period - Shot Blocked by Gustav Forsling.
10:07 of 1st period - Slapshot by Marcus Pettersson.
10:07 of 1st period - Shot Blocked by Michael Rasmussen.
10:09 of 1st period - Wrist shot by Owen Tippett.
10:09 of 1st period - Deflect By Morgan Geekie.
10:09 of 1st period - Shot Misses the Net.
10:09 of 1st period - Puck is out of play.
10:10 of 1st period - Alexander Wennberg wins face-off versus William Karlsson in Minnesota North Stars zone.
10:17 of 1st period - Slapshot by Alexander Wennberg.
10:17 of 1st period - Stopped by Logan Thompson with a rebound.
10:19 of 1st period - Slapshot by Ilya Mikheyev.
10:19 of 1st period - Stopped by Logan Thompson with a rebound.
10:21 of 1st period - Snap shot by Jake Middleton.
10:21 of 1st period - Stopped by Logan Thompson with a rebound.
10:23 of 1st period - Snap shot by Mattias Janmark.
10:23 of 1st period - Shot Misses the Net.
11:14 of 1st period - Penalty to William Eklund is over, William Eklund is back on ice.
11:43 of 1st period - Backhand shot by Ryan Nugent-Hopkins.
11:43 of 1st period - Stopped by Adin Hill with a rebound.
12:31 of 1st period - Snap shot by Michael Rasmussen.
12:31 of 1st period - Stopped by Adin Hill with a rebound.
12:41 of 1st period - Marcus Pettersson is hit by Ryan Nugent-Hopkins and loses puck.
13:19 of 1st period - Oliver Ekman-Larsson is hit by Michael Rasmussen and loses puck.
13:40 of 1st period - Icing by Brock Nelson.
13:41 of 1st period - Morgan Frost wins face-off versus Brock Nelson in Minnesota North Stars zone.
14:16 of 1st period - Max Domi is hit by Jonathan Marchessault.
14:42 of 1st period - Snap shot by Ryan Nugent-Hopkins.
14:42 of 1st period - Stopped by Adin Hill without a rebound.
14:43 of 1st period - Morgan Frost wins face-off versus Ryan Nugent-Hopkins in San Jose Sharks zone.
14:48 of 1st period - Wrist shot by Morgan Frost.
14:48 of 1st period - Shot Blocked by Rasmus Dahlin.
14:50 of 1st period - Wrist shot by Morgan Frost.
14:50 of 1st period - Shot Misses the Net.
14:52 of 1st period - Wrist shot by Morgan Frost.
14:52 of 1st period - Stopped by Logan Thompson with a rebound.
14:58 of 1st period - Snap shot by Mattias Janmark.
14:58 of 1st period - Stopped by Logan Thompson with a rebound.
15:08 of 1st period - Wrist shot by Andrew Copp.
15:08 of 1st period - Stopped by Logan Thompson with a rebound.
15:10 of 1st period - Wrist shot by Andrew Copp.
15:10 of 1st period - Stopped by Logan Thompson with a rebound.
15:12 of 1st period - Snap shot by Andrew Copp.
15:12 of 1st period - Stopped by Logan Thompson with a rebound.
15:14 of 1st period - Snap shot by Andrew Copp.
15:14 of 1st period - Stopped by Logan Thompson with a rebound.
15:23 of 1st period - Minor Penalty to Matt Roy for Slashing.
15:24 of 1st period - Alexander Wennberg wins face-off versus Frank Vatrano in Minnesota North Stars zone.
15:50 of 1st period - Connor Murphy is hit by Neal Pionk and loses puck.
15:59 of 1st period - Snap shot by Ryan Nugent-Hopkins.
15:59 of 1st period - Stopped by Adin Hill with a rebound.
17:23 of 1st period - Penalty to Matt Roy is over, Matt Roy is back on ice.
17:33 of 1st period - Wrist shot by Jack Hughes.
17:33 of 1st period - Shot Blocked by Connor Murphy.
17:49 of 1st period - Mattias Samuelsson is hit by Matt Roy and loses puck.
18:09 of 1st period - Icing by Valeri Nichushkin.
18:10 of 1st period - Morgan Frost wins face-off versus William Karlsson in Minnesota North Stars zone.
18:23 of 1st period - Andrew Copp is hit by Rasmus Dahlin and loses puck.
19:13 of 1st period - Wrist shot by Ilya Mikheyev.
19:13 of 1st period - Stopped by Logan Thompson with a rebound.
19:15 of 1st period - Slapshot by Jake Middleton.
19:15 of 1st period - Shot Misses the Net.
19:17 of 1st period - Snap shot by Jake Middleton.
19:17 of 1st period - Shot Misses the Net.
19:33 of 1st period - Snap shot by Michael Rasmussen.
19:33 of 1st period - Shot Misses the Net.
19:35 of 1st period - Slapshot by Lawson Crouse.
19:35 of 1st period - Shot Misses the Net.
19:37 of 1st period - Wrist shot by Lawson Crouse.
19:37 of 1st period - Goal by Lawson Crouse - San Jose Sharks : 1 - Minnesota North Stars : 2.
19:38 of 1st period - Adam Henrique wins face-off versus William Karlsson in neutral zone.
19:40 of 1st period - Minor Penalty to Connor Murphy for Hooking.
19:41 of 1st period - Brock Nelson wins face-off versus Adam Henrique in San Jose Sharks zone.
19:47 of 1st period - Snap shot by Valeri Nichushkin.
19:47 of 1st period - Stopped by Adin Hill with a rebound.
19:49 of 1st period - Slapshot by Brock Nelson.
19:49 of 1st period - Shot Blocked by Adam Henrique.
19:51 of 1st period - Snap shot by Rasmus Dahlin.
19:51 of 1st period - Shot Blocked by Owen Tippett.
19:53 of 1st period - Wrist shot by Brock Nelson.
19:53 of 1st period - Shot Misses the Net.
Goals for this period are 1 for San Jose Sharks vs 2 for Minnesota North Stars.
Shots for this period are 16 for San Jose Sharks vs 19 for Minnesota North Stars.
2nd period
0:01 of 2nd period - William Karlsson wins face-off versus Alexander Wennberg in neutral zone.
0:14 of 2nd period - Slapshot by Jonathan Marchessault.
0:14 of 2nd period - Stopped by Adin Hill with a rebound.
0:16 of 2nd period - Wrist shot by Jonathan Marchessault.
0:16 of 2nd period - Shot Misses the Net.
0:47 of 2nd period - Jack Hughes is hit by Marcus Pettersson and loses puck.
1:07 of 2nd period - Icing by Valeri Nichushkin.
1:08 of 2nd period - Alexander Wennberg wins face-off versus Brock Nelson in Minnesota North Stars zone.
1:21 of 2nd period - Joel Edmundson is hit by Rasmus Dahlin and loses puck.
1:40 of 2nd period - Penalty to Connor Murphy is over, Connor Murphy is back on ice.
2:26 of 2nd period - Snap shot by Kent Johnson.
2:26 of 2nd period - Shot Misses the Net.
2:34 of 2nd period - Slapshot by Adam Henrique.
2:34 of 2nd period - Goal by Adam Henrique - San Jose Sharks : 2 - Minnesota North Stars : 2.
2:35 of 2nd period - William Karlsson wins face-off versus Morgan Frost in neutral zone.
2:38 of 2nd period - Snap shot by Frank Vatrano.
2:38 of 2nd period - Stopped by Adin Hill with a rebound.
2:40 of 2nd period - Snap shot by William Karlsson.
2:40 of 2nd period - Stopped by Adin Hill with a rebound.
2:42 of 2nd period - Snap shot by William Karlsson.
2:42 of 2nd period - Stopped by Adin Hill with a rebound.
2:44 of 2nd period - Slapshot by Neal Pionk.
2:44 of 2nd period - Shot Blocked by Mattias Samuelsson.
5:01 of 2nd period - Anthony Beauvillier is hit by Ryan Nugent-Hopkins and loses puck.
6:09 of 2nd period - Valeri Nichushkin is hit by Max Domi and loses puck.
6:52 of 2nd period - Jonathan Marchessault is hit by Jake Middleton and loses puck.
7:11 of 2nd period - Anthony Beauvillier is hit by Matt Roy and loses puck.
7:18 of 2nd period - Valeri Nichushkin is hit by Luke Glendening and loses puck.
7:38 of 2nd period - Wrist shot by Jack Hughes.
7:38 of 2nd period - Stopped by Adin Hill with a rebound.
8:25 of 2nd period - Connor Murphy is hit by Ryan Nugent-Hopkins.
8:29 of 2nd period - Connor Murphy is hit by Ryan Nugent-Hopkins and loses puck.
8:44 of 2nd period - Peyton Krebs is hit by Jonathan Marchessault and loses puck.
9:17 of 2nd period - Minor Penalty to Niko Mikkola for High sticking.
9:18 of 2nd period - Alexander Wennberg wins face-off versus Ryan Nugent-Hopkins in Minnesota North Stars zone.
9:43 of 2nd period - Ilya Mikheyev is hit by William Karlsson.
10:09 of 2nd period - Snap shot by Mattias Janmark.
10:09 of 2nd period - Goal by Mattias Janmark - San Jose Sharks : 3 - Minnesota North Stars : 2.
10:10 of 2nd period - Adam Henrique wins face-off versus William Karlsson in neutral zone.
10:15 of 2nd period - Snap shot by Owen Tippett.
10:15 of 2nd period - Stopped by Logan Thompson with a rebound.
11:10 of 2nd period - Snap shot by Ivan Barbashev.
11:10 of 2nd period - Deflect By Michael Rasmussen.
11:10 of 2nd period - Shot Misses the Net.
11:10 of 2nd period - Puck is out of play.
11:11 of 2nd period - Morgan Frost wins face-off versus Ryan Nugent-Hopkins in San Jose Sharks zone.
11:43 of 2nd period - Wrist shot by Frank Vatrano.
11:43 of 2nd period - Shot Misses the Net.
11:57 of 2nd period - Andrew Copp is hit by Jonathan Marchessault and loses puck.
12:04 of 2nd period - William Karlsson is hit by Peyton Krebs and loses puck.
12:39 of 2nd period - William Karlsson is hit by Max Domi and loses puck.
12:58 of 2nd period - Slapshot by Max Domi.
12:58 of 2nd period - Shot Misses the Net.
13:00 of 2nd period - Wrist shot by Andrew Copp.
13:00 of 2nd period - Shot Blocked by Frank Vatrano.
13:02 of 2nd period - Slapshot by Mattias Samuelsson.
13:02 of 2nd period - Deflect By Max Domi.
13:02 of 2nd period - Stopped by Logan Thompson with a rebound.
13:04 of 2nd period - Wrist shot by Max Domi.
13:04 of 2nd period - Shot Blocked by Niko Mikkola.
13:06 of 2nd period - Snap shot by Andrew Copp.
13:06 of 2nd period - Stopped by Logan Thompson without a rebound.
13:07 of 2nd period - Morgan Frost wins face-off versus Ryan Nugent-Hopkins in Minnesota North Stars zone.
13:31 of 2nd period - Icing by Alexander Wennberg.
13:32 of 2nd period - Brock Nelson wins face-off versus Morgan Frost in San Jose Sharks zone.
14:07 of 2nd period - Wrist shot by Alexander Wennberg.
14:07 of 2nd period - Stopped by Logan Thompson without a rebound.
14:08 of 2nd period - Ryan Nugent-Hopkins wins face-off versus Adam Henrique in Minnesota North Stars zone.
14:59 of 2nd period - Snap shot by Ryan Nugent-Hopkins.
14:59 of 2nd period - Stopped by Adin Hill with a rebound.
15:01 of 2nd period - Wrist shot by Valeri Nichushkin.
15:01 of 2nd period - Shot Misses the Net.
15:03 of 2nd period - Slapshot by Niko Mikkola.
15:03 of 2nd period - Shot Blocked by Ilya Mikheyev.
15:05 of 2nd period - Snap shot by Kent Johnson.
15:05 of 2nd period - Stopped by Adin Hill with a rebound.
15:07 of 2nd period - Snap shot by Kent Johnson.
15:07 of 2nd period - Stopped by Adin Hill with a rebound.
15:09 of 2nd period - Slapshot by Gustav Forsling.
15:09 of 2nd period - Shot Misses the Net.
15:11 of 2nd period - Wrist shot by Ryan Nugent-Hopkins.
15:11 of 2nd period - Shot Misses the Net.
15:21 of 2nd period - Wrist shot by Valeri Nichushkin.
15:21 of 2nd period - Stopped by Adin Hill with a rebound.
15:23 of 2nd period - Wrist shot by Kent Johnson.
15:23 of 2nd period - Stopped by Adin Hill without a rebound.
15:24 of 2nd period - William Karlsson wins face-off versus Morgan Frost in San Jose Sharks zone.
15:35 of 2nd period - Wrist shot by Morgan Frost.
15:35 of 2nd period - Shot Misses the Net.
15:37 of 2nd period - Wrist shot by Mattias Janmark.
15:37 of 2nd period - Shot Misses the Net.
15:56 of 2nd period - Neal Pionk is hit by Peyton Krebs and loses puck.
16:27 of 2nd period - Icing by Neal Pionk.
16:28 of 2nd period - Michael Rasmussen wins face-off versus Morgan Frost in Minnesota North Stars zone.
17:00 of 2nd period - Snap shot by William Eklund.
17:00 of 2nd period - Shot Blocked by Morgan Geekie.
17:33 of 2nd period - Snap shot by Frank Vatrano.
17:33 of 2nd period - Stopped by Adin Hill with a rebound.
17:35 of 2nd period - Backhand shot by Jonathan Marchessault.
17:35 of 2nd period - Stopped by Adin Hill with a rebound.
18:13 of 2nd period - Jack Hughes is hit by Morgan Geekie and loses puck.
18:19 of 2nd period - Icing by Jack Hughes.
18:20 of 2nd period - Brock Nelson wins face-off versus Adam Henrique in Minnesota North Stars zone.
18:25 of 2nd period - Snap shot by Owen Tippett.
18:25 of 2nd period - Shot Blocked by Brock Nelson.
18:27 of 2nd period - Snap shot by Jake Middleton.
18:27 of 2nd period - Shot Hit the Post.
18:29 of 2nd period - Slapshot by Morgan Geekie.
18:29 of 2nd period - Shot Blocked by Jack Hughes.
18:35 of 2nd period - Snap shot by Morgan Geekie.
18:35 of 2nd period - Stopped by Logan Thompson with a rebound.
18:51 of 2nd period - Ryan Nugent-Hopkins is hit by Alexander Wennberg and loses puck.
Goals for this period are 2 for San Jose Sharks vs 0 for Minnesota North Stars.
Shots for this period are 7 for San Jose Sharks vs 12 for Minnesota North Stars.
3rd period
0:01 of 3rd period - Ryan Nugent-Hopkins wins face-off versus Adam Henrique in neutral zone.
1:40 of 3rd period - Ryan Nugent-Hopkins is hit by Adam Henrique and loses puck.
2:06 of 3rd period - Snap shot by Alexander Wennberg.
2:06 of 3rd period - Shot Blocked by William Karlsson.
3:00 of 3rd period - Snap shot by Morgan Geekie.
3:00 of 3rd period - Deflect By Owen Tippett.
3:00 of 3rd period - Shot Blocked by Niko Mikkola.
3:00 of 3rd period - Puck is out of play.
3:01 of 3rd period - Ryan Nugent-Hopkins wins face-off versus Adam Henrique in Minnesota North Stars zone.
3:24 of 3rd period - Matt Roy is hit by Owen Tippett and loses puck.
3:29 of 3rd period - Wrist shot by Morgan Geekie.
3:29 of 3rd period - Deflect By Owen Tippett.
3:29 of 3rd period - Stopped by Logan Thompson with a rebound.
3:31 of 3rd period - Wrist shot by Morgan Geekie.
3:31 of 3rd period - Shot Misses the Net.
3:33 of 3rd period - Snap shot by Joel Edmundson.
3:33 of 3rd period - Stopped by Logan Thompson without a rebound.
3:34 of 3rd period - Morgan Frost wins face-off versus Jonathan Marchessault in Minnesota North Stars zone.
5:03 of 3rd period - Alexander Wennberg is hit by Rasmus Dahlin.
5:41 of 3rd period - Backhand shot by Max Domi.
5:41 of 3rd period - Stopped by Logan Thompson with a rebound.
6:02 of 3rd period - Wrist shot by Valeri Nichushkin.
6:02 of 3rd period - Deflect By Ryan Nugent-Hopkins.
6:02 of 3rd period - Shot Misses the Net.
6:02 of 3rd period - Puck is out of play.
6:03 of 3rd period - Andrew Copp wins face-off versus Jonathan Marchessault in San Jose Sharks zone.
6:03 of 3rd period - Andrew Copp is hit by Frank Vatrano.
6:11 of 3rd period - Snap shot by Jonathan Marchessault.
6:11 of 3rd period - Shot Misses the Net.
6:13 of 3rd period - Wrist shot by Jonathan Marchessault.
6:13 of 3rd period - Stopped by Adin Hill without a rebound.
6:14 of 3rd period - Morgan Frost wins face-off versus Ryan Nugent-Hopkins in San Jose Sharks zone.
6:23 of 3rd period - Snap shot by Alexander Wennberg.
6:23 of 3rd period - Shot Blocked by Matt Roy.
6:25 of 3rd period - Slapshot by Connor Murphy.
6:25 of 3rd period - Stopped by Logan Thompson without a rebound.
6:26 of 3rd period - Morgan Frost wins face-off versus Frank Vatrano in Minnesota North Stars zone.
6:40 of 3rd period - Snap shot by William Karlsson.
6:40 of 3rd period - Stopped by Adin Hill with a rebound.
6:52 of 3rd period - Alexander Wennberg is hit by William Eklund.
6:58 of 3rd period - Snap shot by William Eklund.
6:58 of 3rd period - Shot Misses the Net.
7:00 of 3rd period - Backhand shot by William Eklund.
7:00 of 3rd period - Shot Misses the Net.
7:18 of 3rd period - Alexander Wennberg is hit by Ivan Barbashev and loses puck.
7:23 of 3rd period - Snap shot by Ivan Barbashev.
7:23 of 3rd period - Stopped by Adin Hill without a rebound.
7:24 of 3rd period - Adam Henrique wins face-off versus Ryan Nugent-Hopkins in San Jose Sharks zone.
9:14 of 3rd period - Slapshot by Rasmus Dahlin.
9:14 of 3rd period - Stopped by Adin Hill without a rebound.
9:15 of 3rd period - William Karlsson wins face-off versus Andrew Copp in San Jose Sharks zone.
9:47 of 3rd period - Snap shot by Owen Tippett.
9:47 of 3rd period - Stopped by Logan Thompson without a rebound.
9:48 of 3rd period - Brock Nelson wins face-off versus Adam Henrique in Minnesota North Stars zone.
9:48 of 3rd period - Brock Nelson is hit by Owen Tippett.
9:58 of 3rd period - Wrist shot by Jack Hughes.
9:58 of 3rd period - Stopped by Adin Hill with a rebound.
10:22 of 3rd period - Snap shot by Peyton Krebs.
10:22 of 3rd period - Stopped by Logan Thompson without a rebound.
10:23 of 3rd period - Ryan Nugent-Hopkins wins face-off versus Morgan Frost in Minnesota North Stars zone.
10:40 of 3rd period - Snap shot by Valeri Nichushkin.
10:40 of 3rd period - Deflect By Kent Johnson.
10:40 of 3rd period - Shot Blocked by Mattias Janmark.
10:40 of 3rd period - Puck is out of play.
10:41 of 3rd period - William Karlsson wins face-off versus Adam Henrique in San Jose Sharks zone.
10:50 of 3rd period - Slapshot by Jonathan Marchessault.
10:50 of 3rd period - Stopped by Adin Hill without a rebound.
10:51 of 3rd period - Adam Henrique wins face-off versus William Karlsson in San Jose Sharks zone.
11:27 of 3rd period - Slapshot by Morgan Geekie.
11:27 of 3rd period - Shot Hit the Post.
11:31 of 3rd period - Slapshot by Morgan Geekie.
11:31 of 3rd period - Deflect By Owen Tippett.
11:31 of 3rd period - Shot Misses the Net.
11:31 of 3rd period - Puck is out of play.
11:32 of 3rd period - Morgan Frost wins face-off versus Ryan Nugent-Hopkins in Minnesota North Stars zone.
11:33 of 3rd period - Backhand shot by Alexander Wennberg.
11:33 of 3rd period - Stopped by Logan Thompson with a rebound.
11:35 of 3rd period - Snap shot by Alexander Wennberg.
11:35 of 3rd period - Stopped by Logan Thompson with a rebound.
11:37 of 3rd period - Slapshot by Alexander Wennberg.
11:37 of 3rd period - Stopped by Logan Thompson with a rebound.
11:50 of 3rd period - Minor Penalty to Neal Pionk for Tripping.
11:51 of 3rd period - William Karlsson wins face-off versus Adam Henrique in Minnesota North Stars zone.
11:56 of 3rd period - Icing by Jake Middleton.
11:57 of 3rd period - Adam Henrique wins face-off versus Ryan Nugent-Hopkins in San Jose Sharks zone.
13:50 of 3rd period - Penalty to Neal Pionk is over, Neal Pionk is back on ice.
14:09 of 3rd period - Brock Nelson is hit by Joel Edmundson.
14:19 of 3rd period - Oliver Ekman-Larsson is hit by Ryan Nugent-Hopkins and loses puck.
15:14 of 3rd period - Mattias Samuelsson is hit by Neal Pionk and loses puck.
18:07 of 3rd period - Wrist shot by Anthony Beauvillier.
18:07 of 3rd period - Shot Misses the Net.
19:11 of 3rd period - Wrist shot by Owen Tippett.
19:11 of 3rd period - Shot Misses the Net.
19:13 of 3rd period - Slapshot by Owen Tippett.
19:13 of 3rd period - Shot Misses the Net.
19:15 of 3rd period - Slapshot by Morgan Geekie.
19:15 of 3rd period - Stopped by Logan Thompson with a rebound.
19:42 of 3rd period - Minnesota North Stars, Logan Thompson is pulled from the net.
19:59 of 3rd period - Off-side.
Goals for this period are 0 for San Jose Sharks vs 0 for Minnesota North Stars.
Shots for this period are 10 for San Jose Sharks vs 6 for Minnesota North Stars.
Back to the Top